 Dungeon Crawl Stone Soup version 0.27.1-34-g3ba077fa99 (webtiles) character file.

Game seed: 888278203465286483

10878 H0rd4k the Carver (level 12, -3/91 HPs)
             Began as a Human Artificer on Jan 18, 2022.
             Was an Initiate of Gozag.
             Slain by a blink frog (16 damage)
             ... on level 10 of the Dungeon on Jan 20, 2022.
             The game lasted 00:26:53 (16872 turns).

H0rd4k the Carver (Human Artificer)                Turns: 16872, Time: 00:26:54

Health: -3/91      AC:  7    Str: 16    XL:     12   Next: 0%
Magic:  20/20      EV: 14    Int: 14    God:    Gozag
Gold:   1573       SH:  0    Dex: 13    Spells: 22/22 levels left

rFire    . . .     SeeInvis .   H - +4 scimitar (freeze)
rCold    . . .     Faith    .   (no shield)
rNeg     . . .     Spirit   .   b - +0 leather armour
rPois    .         Reflect  .   l - +0 helmet
rElec    .         Harm     .   E - scarf {repulsion}
rCorr    +         Rampage  .   (no gloves)
Will     .....                  n - +1 pair of boots
Stlth    ++........             B - amulet of the acrobat
HPRegen  0.25/turn              m - +4 ring of slaying
MPRegen  0.17/turn              z - ring of resist corrosion

@: gold aura, repel missiles
A: no striking features
a: Renounce Religion, Potion Petition, Call Merchant, Bribe Branch


You were on level 10 of the Dungeon.
You worshipped Gozag.
Gozag was most pleased with you.
You visited 3 branches of the dungeon, and saw 14 of its levels.

You collected 1677 gold pieces.
You paid 104 gold pieces to Gozag.

Inventory:

Hand Weapons
 p - a +0 rapier of flaming
 t - a +1 rapier of venom
 C - a +1 shortbow of flaming
 H - a +4 scimitar of freezing (weapon)
Missiles
 i - 37 poisoned darts
 q - 14 silver boomerangs
 D - 170 arrows
Armour
 b - a +0 leather armour (worn)
 l - a +0 helmet (worn)
 n - a +1 pair of boots (worn)
 E - a scarf of repulsion (worn)
Magical Staves
 L - a staff of death
Jewellery
 m - a +4 ring of slaying (left hand)
 z - a ring of resist corrosion (right hand)
 B - an amulet of the acrobat (around neck)
 M - a ring of ice
Wands
 c - a wand of acid (1) (quivered)
 j - a wand of flame (25)
 I - a wand of iceblast (18)
Scrolls
 a - a scroll of amnesia
 d - a scroll of brand weapon {unknown}
 f - a scroll of fog
 g - 3 scrolls of teleportation
 u - 3 scrolls of identify
 v - a scroll of magic mapping
 x - 2 scrolls of fear
 y - 2 scrolls of blinking
 A - a scroll of silence {unknown}
 F - a scroll of acquirement {unknown}
 J - a scroll of vulnerability {unknown}
Potions
 h - 4 potions of lignification
 k - 4 potions of curing
 o - a potion of flight {unknown}
 r - 2 potions of mutation {unknown}
 s - 3 potions of might {unknown}
 G - 2 potions of attraction {unknown}
 K - a potion of heal wounds {unknown}
 N - a potion of degeneration {unknown}
Miscellaneous
 e - a piece from Xom's chessboard (15/15)


   Skills:
 + Level 7.3 Fighting
 + Level 7.7(9.4) Short Blades
 + Level 8.4(9.7) Long Blades
 + Level 0.7(1.5) Maces & Flails
 + Level 2.1(2.2) Staves
 + Level 5.4 Armour
 + Level 5.8 Dodging
 + Level 4.5 Stealth
 * Level 5.5 Spellcasting
 + Level 5.5 Evocations


You had 22 spell levels left.
You didn't know any spells.
Your spell library contained the following spells:

 Spells                   Type           Power      Damage    Failure   Level
 Corona                   Hex            3%         N/A       21%         1
 Ensorcelled Hibernation  Hex/Ice        6%         N/A       30%         2
 Gell's Gravitas          Tloc           1%         N/A       52%         3
 Lesser Beckoning         Tloc           1%         N/A       52%         3
 Teleport Other           Tloc           3%         N/A       52%         3
 Tukima's Dance           Hex            3%         N/A       52%         3
 Fulminant Prism          Conj/Hex       1%         3d6       89%         4
 Iskenderun's Mystic Bla  Conj/Tloc      3%         2d3       89%         4
 Petrify                  Tmut/Erth      3%         N/A       89%         4
 Lee's Rapid Deconstruct  Erth           1%         3d5*      99%         5
 Metabolic Englaciation   Hex/Ice        1%         N/A       99%         5
 Statue Form              Tmut/Erth      2%         N/A       100%        6


Dungeon Overview and Level Annotations

Branches:
Dungeon (12/15)            Temple (1/1) D:5            Lair (1/6) D:10
    Orc (0/2) D:10

Altars:
Ashenzari
Cheibriados
Dithmenos
Elyvilon
Fedhas
Gozag
Hepliaklqana
Kikubaaqudgha
Makhleb
Nemelex Xobeh
Okawaru
Qazlal
Ru
Sif Muna
Trog
Uskayaw
Vehumet
Wu Jian
Xom
Yredelemnul
Zin
The Shining One

Shops:
D:8 *

Annotations:
D:4 3 runed translucent doors, exclusion: 3 doors, miilacz's ghost, amateur GrVM
D:5 exclusion: upstairs
D:6 2 transporters, exclusion: upstairs, Quickbrownfox's ghost, novice DsIE
D:8 Joseph
D:9 exclusion: wraith
D:11 exclusions: hydra, upstairs and vampire


Message History

The blink frog blinks!
You closely miss the blink frog.
The blink frog is almost dead.
The blink frog blinks!
The blink frog blinks!
The blink frog is no longer moving slowly.
The blink frog completely misses you.
The blink frog blinks!
The blink frog closely misses you.
The yak bellows!
You slash the blink frog!
The blink frog seems to slow down.
You freeze the blink frog.
You kill the blink frog!
The blink frog blinks!
You have reached level 12!
Your experience leads to an increase in your attributes!
Increase (S)trength, (I)ntelligence, or (D)exterity?
You feel clever.
You feel stronger.
Okay, then.
The blink frog blinks!
You closely miss the blink frog.
The blink frog is almost dead.
The blink frog hits you!
The blink frog blinks!
You slice the yak!! You freeze the yak.
The yak is heavily wounded.
The yak closely misses you.
You hit the yak. You freeze the yak.
The yak is severely wounded.
The yak gores you! The blink frog hits you!
* * * LOW HITPOINT WARNING * * *
You are too injured to fight recklessly!
You are too injured to fight recklessly!
You are too injured to fight recklessly!
You are too injured to fight recklessly!
You barely miss the yak.
The yak is severely wounded.
The yak gores you!
* * * LOW HITPOINT WARNING * * *
The blink frog hits you!
You die...
Your body crumbles into a pile of gold.

#..........# #...[>.......#
#..........# #.###'########
######'##### ##)###...# # #.#
##...####)### # #.####
##.....###...# ###
#....###.......####.# ).#
####..##.......####.####
#)########'#.....Y..........#
#.)...........$F@...........#
###..>..........>...........#
#.........................#
#.........................# #
#.........#.......#.......#
###.........#.......#.......#
..'.........##.....##.......#
###..<...(..###...###.......#
#............'$..## #########


You could see a yak and a blink frog.

Vanquished Creatures
  Fannar (D:11)
  2 two-headed ogres
  An ugly thing (D:11)
  A manticore (D:10)
  An elephant (D:10)
  A troll (D:11)
  A blink frog (D:10)
  Prince Ribbit (D:6)
  Grinder (D:4)
  A meliai zombie (D:11)
  A shadow (D:11)
  2 wyverns (D:10)
  A wraith (D:11)
  A basilisk (D:10)
  15 yaks
  2 steam dragons
  2 vampire mosquitoes (D:12)
  A water moccasin (D:8)
  4 orc warriors
  A hornet zombie (D:8)
  3 black bears
  2 sky beasts
  2 necrophages
  A wolf (D:10)
  2 centaurs
  A phantom (D:5)
  A kobold brigand (D:7)
  5 bullfrogs
  A scorpion (D:5)
  8 wights
  3 centaur zombies
  2 bullfrog skeletons
  4 hounds
  2 orc priests
  Jessica (D:2)
  7 orc wizards
  A howler monkey zombie (D:9)
  4 gnolls
  5 adders
  3 white imps
  2 worms
  3 dart slugs
  58 orcs
  7 ball pythons
  4 endoplasms
  3 giant cockroaches
  10 goblins
  11 hobgoblins
  3 jackals (D:4)
  9 kobolds
  4 quokkas
  4 bats
  9 frilled lizards
  6 rats
232 creatures vanquished.

Vanquished Creatures (collateral kills)
  A water moccasin skeleton (D:5)
  2 gnolls (D:5)
  3 orcs
  A goblin (D:3)
  A rat (D:3)
8 creatures vanquished.

Vanquished Creatures (others)
  A gnoll (D:3)
  2 fungi (D:10)
  6 plants
9 creatures vanquished.

Grand Total: 249 creatures vanquished

Notes
Turn   | Place    | Note
-------+----------+-------------------------------------------
     0 | D:1      | H0rd4k the Human Artificer began the quest for the Orb.
     0 | D:1      | Reached XP level 1. HP: 15/15 MP: 1/1
   127 | D:1      | Reached XP level 2. HP: 16/21 MP: 2/2
   523 | D:1      | Reached XP level 3. HP: 19/26 MP: 3/3
  1258 | D:1      | Found a faded altar of an unknown god.
  1293 | D:2      | Noticed Jessica
  1300 | D:2      | Killed Jessica
  1301 | D:2      | Reached skill level 1 in Staves
  1301 | D:2      | Reached XP level 4. HP: 28/32 MP: 4/4
  2207 | D:3      | Reached XP level 5. HP: 38/38 MP: 5/5
  2773 | D:3      | Found a shimmering altar of Xom.
  2773 | D:3      | Found a shimmering altar of Xom.
  2776 | D:3      | Found a shimmering altar of Xom.
  3440 | D:3      | Reached skill level 1 in Short Blades
  3440 | D:3      | Reached XP level 6. HP: 9/44 MP: 6/6
  3788 | D:3      | Found a hazy altar of Hepliaklqana.
  4337 | D:4      | Found a runed translucent gate.
  4339 | D:4      | Found a runed translucent gate.
  4339 | D:4      | Noticed miilacz's ghost (amateur GrVM)
  4340 | D:4      | Found a runed translucent gate.
  4711 | D:4      | Noticed Grinder
  4730 | D:5      | Entered Level 5 of the Dungeon
  4970 | D:5      | Noticed a black bear
  5456 | D:4      | Killed Grinder
  5457 | D:4      | Reached XP level 7. HP: 37/51 MP: 7/7
  6254 | D:5      | Found a blossoming altar of Fedhas.
  6341 | D:5      | Reached XP level 8. HP: 48/58 MP: 8/8
  7112 | D:5      | Found a snail-covered altar of Cheibriados.
  7113 | D:5      | Found a sparkling altar of Nemelex Xobeh.
  7356 | D:5      | Found a staircase to the Ecumenical Temple.
  7555 | Temple   | Entered the Ecumenical Temple
  7603 | Temple   | Became a worshipper of Gozag Ym Sagoz the Greedy
  7694 | D:6      | Noticed Prince Ribbit
  7726 | D:6      | Found a transporter.
  7740 | D:6      | Found a transporter.
  7741 | D:6      | Noticed Quickbrownfox's ghost (novice DsIE)
  8136 | D:6      | Killed Prince Ribbit
  8137 | D:6      | Reached skill level 5 in Short Blades
  8137 | D:6      | Reached XP level 9. HP: 42/65 MP: 9/9
  8378 | D:6      | Found a hide-covered altar of Uskayaw.
  8573 | D:7      | Found an ancient bone altar of Kikubaaqudgha.
  8825 | D:7      | Reached skill level 5 in Evocations
  9102 | D:7      | Reached skill level 1 in Spellcasting
  9216 | D:7      | Found a basalt altar of Yredelemnul.
  9321 | D:7      | Found a white marble altar of Elyvilon.
  9357 | D:7      | Found a glowing golden altar of the Shining One.
  9785 | D:8      | Reached skill level 5 in Fighting
  9912 | D:8      | Found Ugamei's Overcharged Wands.
 10278 | D:8      | Reached skill level 5 in Armour
 10304 | D:8      | Reached XP level 10. HP: 14/74 MP: 13/13
 11002 | D:8      | Noticed Joseph
 11694 | D:9      | Found a radiant altar of Vehumet.
 11774 | D:9      | Reached skill level 1 in Long Blades
 12028 | D:8      | Reached skill level 2 in Long Blades
 12096 | D:9      | You fall into a shaft and drop 3 floors!
 12578 | D:11     | Noticed a red ugly thing
 12580 | D:11     | Reached skill level 3 in Long Blades
 12597 | D:11     | Killed a red ugly thing
 12598 | D:11     | Reached skill level 4 in Long Blades
 12598 | D:11     | Reached skill level 5 in Dodging
 12658 | D:11     | Noticed a two-headed ogre
 12663 | D:11     | Noticed Fannar
 12664 | D:11     | Killed a two-headed ogre
 12680 | D:11     | Killed Fannar
 12681 | D:11     | Reached skill level 5 in Long Blades
 12681 | D:11     | Reached XP level 11. HP: 33/81 MP: 15/17
 13068 | D:10     | Entered Level 10 of the Dungeon
 13068 | D:10     | Noticed a manticore
 13082 | D:11     | Noticed a seven-headed hydra
 13481 | D:11     | Reached skill level 6 in Long Blades
 14082 | D:11     | Reached skill level 7 in Long Blades
 15153 | D:10     | Found a staircase to the Lair.
 15524 | D:10     | Found a glowing silver altar of Zin.
 15589 | D:10     | Noticed an elephant
 15591 | D:10     | Noticed a white ugly thing
 15609 | D:10     | Killed an elephant
 15653 | D:10     | Noticed a two-headed ogre
 15665 | D:10     | Killed a two-headed ogre
 15666 | D:10     | Reached skill level 5 in Spellcasting
 15684 | D:10     | Found a broken altar of Ashenzari.
 15870 | D:10     | Reached skill level 8 in Long Blades
 16268 | D:10     | Found a staircase to the Orcish Mines.
 16495 | D:10     | Killed a manticore
 16810 | Lair:1   | Entered Level 1 of the Lair of Beasts
 16868 | D:10     | Reached XP level 12. HP: 65/91 MP: 20/20
 16872 | D:10     | Slain by a blink frog

Illustrated notes

Levels and vault maps discovered:
D:1:      erik_arrival_cave_to_civilisation [erik_arrival_cave_to_hall],
          layout_basic, shapermc_ecumenical_altar_mp_urbaneastern,
          minmay_misc_feat_nine_boxes, grunt_decor_cap,
          minmay_misc_feat_enclosed, kennysheep_crisscross,
          minmay_split_cup_large
D:2:      layout_basic, uniq_jessica
D:3:      layout_basic, xom_redecorated, nicolae_hepliaklqana_hazy_memory
D:4:      layout_loops_ring, gammafunk_ghost_split, uniq_grinder
D:5:      layout_loops_ring, gammafunk_temple_overflow_pools, fedhas_altar_2,
          temple_green
D:6:      layout_cave_pools, mainiacjoe_overflow_tiny_flanked,
          gammafunk_ghost_smash, serial_bayou_pond_a, uniq_prince_ribbit1
D:7:      layout_basic, kennysheep_ying_yang, tso_oasis_becter,
          mainiacjoe_overflow_boulevard, eino_small_chamber_without_monster
D:8:      layout_loops_corners, nicolae_shop_overcharged_wands, uniq_joseph
D:9:      layout_long_grid, vehumet_crystals
D:10:     layout_roguey, zin_statuary, cheibrodos_ashenzari_chains,
          david_lair_generic, hiddenorc2_lemuel, st_stairs_4
D:11:     layout_loops_corners, uniq_fannar
D:12:     layout_grid_maze, enter_trove_1
Temple:   jpeg_temple_island
Lair:1:   layout_hall_layers, serial_bayou_shore_a

Skill      XL: |  1  2  3  4  5  6  7  8  9 10 11 |
---------------+----------------------------------+-----
Staves         | 1 2 |  2.1
Short Blades   | 1 3 5 7 |  7.7
Armour         | 3 4 5 |  5.4
Fighting       | 2 3 4 5 6 7 |  7.3
Dodging        | 2 3 4 5 |  5.8
Stealth        | 2 3 4 |  4.5
Evocations     | 4 5 |  5.5
Spellcasting   | 2 4 5 |  5.5
Long Blades    | 5 8 |  8.4
Maces & Flails | |  0.7

Action                   |  1- 3 |  4- 6 |  7- 9 | 10-12 || total
-------------------------+-------+-------+-------+-------++-------
Melee: Club              |    13 |       |       |       ||    13
       Quarterstaff      |    73 |    15 |       |       ||    88
       Dagger            |       |   228 |    98 |       ||   326
       Rapier            |       |       |   146 |    20 ||   166
       Scimitar          |       |       |    13 |   270 ||   283
Evoke: Wand              |       |    26 |    13 |    17 ||    56
       Piece from Xom's  |       |       |     4 |       ||     4
  Use: Scroll            |       |       |     9 |     1 ||    10
       Potion            |       |       |     3 |       ||     3
 Stab: Sleeping          |       |     2 |     2 |     1 ||     5
       Distracted        |       |     1 |       |     2 ||     3
       Paralysed         |       |       |     2 |       ||     2
Armor: Leather armour    |    30 |    49 |    64 |    50 ||   193
Dodge: Dodged            |    53 |   117 |   158 |   196 ||   524
       Rpst.: Scimitar   |       |       |       |    51 ||    51
